[ AOE2 MATCH · #506760255 ]
UnrankedPersians vs Khitans
Player's team · WIN
Rival team · LOSS
[ REPLAY ANALYSIS · EXTRACTED FROM THE RECORDED GAME ]
Feudal
—
Castle
—
Imperial
—
| APM avg | 42.5 |
| APM peak | 72 |
| eAPM avg | 20.3 |
| Villagers / military | 40 / 0 |
Focus
⚔️ 32.6% · 🌾 67.4%
Feudal
10:11
Castle
—
Imperial
—
| APM avg | 42.8 |
| APM peak | 70 |
| eAPM avg | 18.3 |
| Villagers / military | 22 / 0 |
Focus
⚔️ 24.5% · 🌾 75.5%
Match map
Initial resources + every placement click. Lines = walls · curves = elevation contours. ◆ gold · ⬟ stone · ● berries · ✦ relic · ◌ wall gap
Your base· Open — unwalled flank
InvisibleMan's base· Open — unwalled flank
Smoothed initial terrain · ◌ = detected wall gap · hover for details
Inputs per minute
— [GDL] especialista - - InvisibleMan
Build order — [GDL] especialista
57 actions detected in the replay
| 0:00 | Queue | Villager (Male) |
| 0:01 | Queue | Villager (Male) |
| 0:02 | Build | House |
| 0:04 | Build | House |
| 0:22 | Queue | Villager (Male) |
| 0:22 | Queue | Villager (Male) |
| 0:22 | Queue | Villager (Male) |
| 0:22 | Queue | Villager (Male) |
| 1:32 | Queue | Villager (Male) |
| 1:32 | Queue | Villager (Male) |
| 2:02 | Queue | Villager (Male) |
| 2:03 | Queue | Villager (Male) |
| 2:30 | Build | Lumber Camp |
| 2:47 | Queue | Villager (Male) |
| 2:47 | Queue | Villager (Male) |
| 3:01 | Queue | Villager (Male) |
| 3:02 | Queue | Villager (Male) |
| 3:02 | Queue | Villager (Male) |
| 3:41 | Build | House |
| 3:46 | Queue | Villager (Male) |
| 3:47 | Queue | Villager (Male) |
| 4:16 | Queue | Villager (Male) |
| 4:37 | Research | Loom |
| 4:40 | Queue | Villager (Male) |
| 4:41 | Queue | Villager (Male) |
| 4:59 | Queue | Villager (Male) |
| 5:10 | Build | Mill |
| 5:23 | Queue | Villager (Male) |
| 5:39 | Queue | Villager (Male) |
| 8:02 | Build | Town Center |
| 8:53 | Build | Palisade Wall |
| 9:00 | Build | Palisade Wall |
| 9:05 | Build | Palisade Wall |
| 9:47 | Queue | Villager (Male) |
| 9:47 | Queue | Villager (Male) |
| 9:47 | Queue | Villager (Male) |
| 9:48 | Queue | Villager (Male) |
| 9:48 | Queue | Villager (Male) |
| 9:56 | Queue | Villager (Male) |
| 9:56 | Queue | Villager (Male) |
| 10:10 | Queue | Villager (Male) |
| 10:10 | Queue | Villager (Male) |
| 10:32 | Queue | Villager (Male) |
| 10:40 | Build | Lumber Camp |
| 11:11 | Build | Mining Camp |
| 12:11 | Build | Palisade Wall |
| 12:29 | Build | House |
| 12:43 | Build | House |
| 12:44 | Build | House |
| 13:21 | Queue | Villager (Male) |
| 13:43 | Queue | Villager (Male) |
| 13:59 | Build | Palisade Wall |
| 14:45 | Queue | Villager (Male) |
| 14:45 | Queue | Villager (Male) |
| 15:25 | Queue | Villager (Male) |
| 15:26 | Queue | Villager (Male) |
| 15:41 | Queue | Villager (Male) |
Build order — InvisibleMan
37 actions detected in the replay
| 0:00 | Queue | Villager (Male) |
| 0:00 | Queue | Villager (Male) |
| 0:02 | Build | House |
| 0:03 | Build | House |
| 0:24 | Queue | Villager (Male) |
| 0:25 | Queue | Villager (Male) |
| 1:34 | Queue | Villager (Male) |
| 1:34 | Queue | Villager (Male) |
| 1:57 | Build | Lumber Camp |
| 1:58 | Queue | Villager (Male) |
| 1:59 | Queue | Villager (Male) |
| 2:51 | Queue | Villager (Male) |
| 2:51 | Queue | Villager (Male) |
| 3:21 | Queue | Villager (Male) |
| 3:47 | Build | House |
| 4:04 | Queue | Villager (Male) |
| 4:04 | Queue | Villager (Male) |
| 4:26 | Build | Mill |
| 5:11 | Queue | Villager (Male) |
| 5:33 | Queue | Villager (Male) |
| 5:38 | Queue | Villager (Male) |
| 5:40 | Research | Loom |
| 7:02 | Build | House |
| 7:06 | Build | House |
| 7:18 | Build | House |
| 7:25 | Build | House |
| 7:34 | Build | House |
| 7:55 | Build | House |
| 8:01 | Research | Feudal Age |
| 8:44 | Queue | Villager (Male) |
| 8:44 | Queue | Villager (Male) |
| 9:13 | Queue | Villager (Male) |
| 9:13 | Queue | Villager (Male) |
| 9:37 | Queue | Villager (Male) |
| 9:37 | Queue | Villager (Male) |
| 10:11 | Age | Feudal Age |
| 12:31 | Build | Watch Tower |
Match timeline
| 8:53 | [GDL] especialista · wall_segment Palisade Wall x1 |
| 9:00 | [GDL] especialista · wall_segment Palisade Wall x1 |
| 9:05 | [GDL] especialista · wall_segment Palisade Wall x1 |
| 10:11 | InvisibleMan · age_up feudal |
| 12:11 | [GDL] especialista · wall_segment Palisade Wall x1 |
| 13:59 | [GDL] especialista · wall_segment Palisade Wall x1 |
| 16:05 | InvisibleMan · resign |
[ AI ANALYSIS · 1 CREDIT ]
What really happened in this match?
Wolo.gg analyzes every decision: build order, eco, micro, common mistakes by bracket. Personalized analysis on WhatsApp or Discord in 30 seconds.
Civ guide
Persians
Perfil
Jugador #6801445